 Dungeon Crawl Stone Soup version 0.16-a0-262-g6fc725f (webtiles) character file.

26 Johnny the Charmwright (level 2, 0/36 HPs)
             Began as a Demigod Skald on Aug 25, 2014.
             Succumbed to an adder's poison
             ... on Level 1 of the Dungeon.
             The game lasted 00:04:26 (1336 turns).

Johnny the Charmwright (Demigod Skald)              Turns: 1336, Time: 00:04:26

HP   0/36        AC 21     Str 15      XL: 2   Next: 69%
MP   0/4         EV  2     Int 17      God:
Gold 9           SH  0     Dex 15      Spells:  2 memorised,  1 level left

rFire  . . .     SeeInvis .     l - +0 hand axe
rCold  . . .     Clarity  .     b - melded +0 leather armour
rNeg   + + +     rCorr    .     (no shield)
rPois  +         rRot     .     (no helmet)
rElec  .         Spirit   .     (cloak currently unavailable)
SustAb .         Warding  .     (gloves currently unavailable)
rMut   .         NoTele   +     (boots currently unavailable)
Gourm  .                        (no amulet)
MR     .....                    (no ring)
                                (no ring)

@: lethally poisoned, tree-form, infused, not resistant to hostile enchantments,
very unstealthy
A: no striking features
a: no special abilities


You were on level 1 of the Dungeon.
You were not hungry.
You were an animated tree.
You visited 1 branch of the dungeon, and saw 2 of its levels.

You collected 9 gold pieces.

Inventory:

Hand weapons
 a - a +0 short sword
 i - a +0 club
 l - a +0 hand axe (weapon)
Armour
 b - a +0 leather armour (melded)
Comestibles
 d - 2 bread rations
 j - a meat ration
Scrolls
 e - a scroll of teleportation {unknown}
 g - a scroll of immolation {unknown}
 h - a scroll of enchant weapon {unknown}
 k - a scroll of identify {unknown}
Potions
 f - a potion of might {unknown}
Books
 c - a book of Battle

   Spells                             Type                      Level
   *Infusion                          Charms                       1
   *Shroud of Golubria                Charms/Translocation         2
   Song of Slaying                    Charms                       2
   Spectral Weapon                    Hexes/Charms                 3
   Regeneration                       Charms/Necromancy            3


   Skills:
 + Level 2.0 Fighting
 + Level 1.9 Short Blades
 + Level 1.1 Armour
 + Level 1.2 Dodging
 + Level 1.9 Spellcasting
 + Level 3.1 Charms


You had one spell level left.
You knew the following spells:

 Your Spells              Type           Power        Failure   Level  Hunger
a - Infusion              Chrm           ##....       6%          1    #......
b - Shroud of Golubria    Chrm/Tloc      #.........   17%         2    ###....


Dungeon Overview and Level Annotations

Branches:
Dungeon (2/15)


Message History

You miss the adder.
The adder is heavily wounded.
You feel sick. The adder bites you but does no damage.
The adder barely misses you.
You hit the adder.
The adder is heavily wounded.
You feel sick. The adder closely misses you. The adder bites you.
* * * LOW HITPOINT WARNING * * *
You barely miss the adder.
The adder is heavily wounded.
* * * LOW HITPOINT WARNING * * *
You feel sick. The adder bites you.
* * * LOW HITPOINT WARNING * * *
You are more poisoned.
The adder poisons you!
Drink which item? (? for menu, Esc to quit)
You turn into an animated tree.
Your +0 leather armour melds into your body.
Your roots penetrate the ground.
It was a potion of lignification.
You die...

.♣###.....###.#>.(.#.#....###
..###%....# #.#....#.#..###
....#.#.#.# #...........#
..###.....# ##..........#
..###.....# ###..#######
.#..#.#.#.# #..###
#..##.....# #....#
#.###.....# #.##.#
..###.#.#.# #♣Sg.#
....#.....# ###g.#
.##.#.....# #..###
..###.#.#.# #....#
#...#.....# #..#.#
#####.....# .......#
#####.#.#.# >........#
....#.....# ...........#
#####.....# ##.........#


You could see an adder and 2 hobgoblins.

Vanquished Creatures
  2 giant geckos (D:1)
  2 bats (D:1)
  2 hobgoblins (D:1)
  4 kobolds (D:1)
  2 giant newts (D:1)
  5 goblins
  6 rats (D:1)
23 creatures vanquished.

Notes
Turn   | Place    | Note
--------------------------------------------------------------
     0 | D:1      | Johnny, the Demigod Skald, began the quest for the Orb.
     0 | D:1      | Reached XP level 1. HP: 17/17 MP: 3/3
   370 | D:1      | Reached skill level 3 in Charms
   546 | D:1      | Reached skill level 1 in Armour
   574 | D:1      | Reached XP level 2. HP: 24/24 MP: 2/4
   612 | D:1      | Learned a level 2 spell: Shroud of Golubria
   637 | D:2      | Reached skill level 1 in Dodging
  1335 | D:1      | HP: 1/24 [adder (2)]
  1336 | D:1      | Succumbed to an adder's poison

Action                   || total
-------------------------++-------
Melee: Short sword       ||    48
       Hand axe          ||    41
 Cast: Infusion          ||     9
       Shroud of Golubri ||     3
  Use: Potion            ||     1
  Eat: Bread ration      ||     1
